 Dungeon Crawl Stone Soup version 0.31.0-32-g396128a36d (webtiles) character file.

Game seed: 814513541655881538

31785 Dadi the Spry (level 13, -1/154 HPs)
             Began as a Demonspawn Berserker on Mar 28, 2024.
             Was an Elder of Trog.
             Slain by nitefall's ghost (6 damage)
             ... on level 1 of the Lair of Beasts.
             The game lasted 00:29:59 (15208 turns).

Dadi the Spry (Demonspawn Berserker)               Turns: 15208, Time: 00:29:59

Health: -1/154     AC: 30    Str: 19 (22) XL:     13   Next: 27%
Magic:  13/13      EV:  2    Int:  7 (8)  God:    Trog [****..]
Gold:   977        SH:  5    Dex: 12 (13) Spells: 12/12 levels left

rFire   x . .        D - +0 whip (flame)
rCold   + . .        (no shield)
rNeg    . . .        C - melded +2 leather armour {rC+}
rPois   +            r - melded +2 helmet
rElec   .            (cloak currently unavailable)
rCorr   .            (gloves unavailable)
SInv    .            (boots currently unavailable)
Will    .....        Z - amulet of reflection
Stlth   +            W - ring of ice
HPRegen 0.45/turn    j - +4 ring of protection
MPRegen 0.26/turn

%: reflection
@: mighty, tree-form, on berserk cooldown, slowed, very slow
A: stationary, stasis, torment immunity, boosted hp, (yellow scales 2), demonic
guardian 1, magic regeneration, (demonic touch 3)
a: Renounce Religion, Berserk, Trog's Hand, Brothers in Arms


You were on level 1 of the Lair of Beasts.
You worshipped Trog.
Trog was greatly pleased with you.
You were a tree.
You visited 2 branches of the dungeon, and saw 14 of its levels.
You also visited: Ice Cave.

You collected 977 gold pieces.

Inventory:

Hand Weapons
 a - a +0 mace
 o - a +0 hand cannon of freezing
 u - a +0 flail
 D - a +0 whip of flaming (weapon)
 N - the +9 trident of Vauh {freeze, rC+ Stlth+}
   (You found it on level 9 of the Dungeon)

   rC+:       It protects you from cold.
   Stlth+:    It makes you more stealthy.
Missiles
 w - 4 throwing nets (quivered)
Armour
 b - a +0 animal skin
 r - a +2 helmet (melded)
 v - a +1 scale mail of willpower
 C - a +2 leather armour of cold resistance (melded)
 H - +0 steam dragon scales
 L - a +2 buckler of cold resistance
Jewellery
 c - a +6 ring of intelligence
 i - a +5 ring of evasion
 j - a +4 ring of protection (right branch)
 y - a ring of flight
 R - a ring of resist corrosion
 V - a ring of willpower
 W - a ring of ice (left branch)
 X - an amulet of regeneration
 Z - an amulet of reflection (around neck)
Wands
 n - a wand of flame (43)
 B - a wand of charming (8)
 M - a wand of iceblast (19)
 T - a wand of quicksilver (10)
 U - a wand of digging (4)
Scrolls
 d - a scroll of noise
 e - 2 scrolls of silence
 g - 4 scrolls of fear
 m - 12 scrolls of teleportation
 p - 2 scrolls of vulnerability
 q - 2 scrolls of amnesia
 s - 9 scrolls of identify
 F - a scroll of summoning
 J - 3 scrolls of immolation
 K - 2 scrolls of enchant armour
 S - 3 scrolls of blinking {unknown}
 Y - a scroll of enchant weapon {unknown}
Potions
 f - 2 potions of lignification
 h - a potion of degeneration
 k - a potion of might
 l - 5 potions of heal wounds {unknown}
 t - 2 potions of berserk rage {unknown}
 x - 5 potions of curing {unknown}
 z - a potion of resistance {unknown}
 A - 5 potions of haste {unknown}
 E - 3 potions of magic {unknown}
 G - a potion of brilliance {unknown}
 I - 2 potions of enlightenment {unknown}
 O - a potion of cancellation {unknown}
 P - 3 potions of invisibility {unknown}
 Q - 6 potions of mutation {unknown}


   Skills:
 + Level 10.0 Fighting
 - Level 12.0 Maces & Flails
 - Level 9.2 Armour
 * Level 15.1 Dodging


You had 12 spell levels left.
You didn't know any spells.
Your spell library was empty.

Dungeon Overview and Level Annotations

Branches:
Dungeon (11/15)            Temple (0/1) D:7            Lair (3/5) D:11
 Shoals (0/4) Lair:2        IceCv (visited)
  Snake: Lair:2-3    Spider: Lair:2-3       Orc: D:9-12

Altars:
Ashenzari
Cheibriados
Fedhas
Gozag
Kikubaaqudgha
Okawaru
Qazlal
Sif Muna
Trog
Vehumet
Wu Jian
Xom
Yredelemnul

Shops:
D:2 ?   D:9 =

Annotations:
Lair:1 nitefall's ghost, journeyman MiBe


Innate Abilities, Weirdness & Mutations

You are a tree.
Your roots penetrate the ground, keeping you stationary.
You cannot be teleported.
You are immune to unholy pain and torment.
Your maximum health is greatly increased.
Your equipment is partially melded.
((You are mostly covered in yellow scales. (AC +3)))
A weak demonic guardian rushes to your aid.
You regenerate magic rapidly.
((Your touch may irresistibly damage your foes and sap their willpower.))


Message History

You touch nitefall's ghost!
You sap its willpower!
Your punch misses nitefall's ghost.
Nitefall's ghost is moderately damaged.
You hit nitefall's ghost but do no damage.
Nitefall's ghost is moderately damaged.
Nitefall's ghost completely misses you.
You whack nitefall's ghost! You burn nitefall's ghost.
Nitefall's ghost is heavily damaged.
You hit nitefall's ghost but do no damage.
Nitefall's ghost is heavily damaged.
You hit nitefall's ghost but do no damage.
Nitefall's ghost is heavily damaged.
You are no longer berserk.
You are exhausted.
You feel yourself slow down.
Your iron imp hits nitefall's ghost.
Nitefall's ghost hits your iron imp!!
Your iron imp dies!
Your iron imp disappears in a puff of smoke!
Nitefall's ghost turns its malevolent gaze towards you.
It was a potion of lignification.
You turn into a tree.
Your +2 helmet melds into your body.
Your +2 leather armour of cold resistance melds into your body.
You feel less resistant to cold.
Your roots penetrate the ground.
Nitefall's ghost hits you!
* * * LOW HITPOINT WARNING * * *
Unknown command.
You hit nitefall's ghost but do no damage.
Nitefall's ghost is heavily damaged.
Nitefall's ghost shrieks, "You will join me soon!"
Nitefall's ghost hits you but does no damage.
It was a potion of degeneration.
There was something very wrong with that liquid.
You feel weakened.
You feel dopey.
You feel clumsy.
Nitefall's ghost hits you but does no damage.
It was a potion of might.
You feel very mighty all of a sudden. Nitefall's ghost hits you!
* * * LOW HITPOINT WARNING * * *
A demonic guardian appears!
Nitefall's ghost hits you.
You die...

#..# #####.#.### #.##
##.#.##..[.#
#.####....P....÷. ###
##.#.#.#.P..P...#.
##P###..##...)....P.###
#P........#.P...P#..###
##.##.P5......(........
#.####W.............##
#.# #♣#.##.#...#..)##
#.# ##^.....#.##.P.#
##.## ####..(.......###
#...##♣.♣##.......#..>.
#..##♣?)..#..#.#..#.###
##.#~.....'............
#.#~..)..'.........##.
###.#.[....'.......P.#..
#P..##.....#............


You could see nitefall's ghost (weak-willed, ally target) and a friendly quasit
(summoned).

Vanquished Creatures
  4 hydras
  A catoblepas (Lair:2)
  Erica (Lair:2)
  2 two-headed ogres
  3 death yaks (IceCv)
  A boulder beetle (D:11)
  Amaemon (Lair:2)
  A cyclops (D:11)
  An ugly thing (D:11)
  A harpy (Lair:2)
  A black mamba (Lair:2)
  Joseph (D:7)
  An orange demon (Lair:2)
  3 cane toads (Lair:2)
  4 rime drakes
  2 komodo dragons
  2 gargoyles (D:11)
  An unseen horror (D:10)
  Psyche (D:7)
  4 polar bears
  3 trolls
  3 blink frogs (Lair:2)
  33 yaks
  4 wyverns
  A shadow (D:9)
  A wraith (D:10)
  4 steam dragons
  3 water moccasins
  An orc warrior (D:7)
  3 black bears
  An ice beast (D:6)
  2 sky beasts
  3 wolves (IceCv)
  2 ogres
  5 centaurs
  2 phantoms
  5 kobold brigands
  14 bullfrogs
  2 gnoll sergeants
  3 scorpions
  4 wights (D:6)
  7 killer bees
  2 electric eels
  5 howler monkeys
  A bombardier beetle (D:6)
  2 jellies
  A hound (D:4)
  8 orc priests
  3 iguanas
  2 sleepcaps
  11 orc wizards
  Robin (D:2)
  16 gnolls
  9 adders
  A ribbon worm (D:2)
  2 dart slugs (D:5)
  24 orcs
  6 ball pythons
  11 endoplasms
  4 giant cockroaches
  13 goblins
  12 hobgoblins
  7 jackals
  9 quokkas
  5 bats
  4 frilled lizards
  29 kobolds
  3 rats
333 creatures vanquished.

Vanquished Creatures (collateral kills)
  A frost giant (IceCv)
  Erolcha (D:10)
  3 death yaks (IceCv)
  An ice statue (IceCv)
  3 rime drakes (IceCv)
  2 polar bears (IceCv)
  A yak (IceCv)
  2 wolves (IceCv)
  2 gnolls
  2 orcs (D:6)
18 creatures vanquished.

Vanquished Creatures (others)
  A kobold (D:8)
1 creature vanquished.

Grand Total: 352 creatures vanquished

Notes
Turn   | Place    | Note
-------+----------+-------------------------------------------
     0 | D:1      | Dadi the Demonspawn Berserker began the quest for the Orb.
     0 | D:1      | Reached XP level 1. HP: 18/18 MP: 1/1
   204 | D:1      | Gained mutation: You are partially covered in yellow
                  | scales. (AC +2) [demonic ancestry]
   204 | D:1      | Reached XP level 2. HP: 16/24 MP: 2/2
   501 | D:2      | Noticed Robin
   515 | D:2      | Reached ** piety under Trog
   516 | D:2      | Gained mutation: Your touch may inflict minor irresistible
                  | damage on your foes. [demonic ancestry]
   516 | D:2      | Reached XP level 3. HP: 30/30 MP: 3/3
   528 | D:2      | Killed Robin
   847 | D:2      | Found The Oracle's Delphic Readings.
  1068 | D:2      | Reached XP level 4. HP: 38/38 MP: 4/4
  1119 | D:2      | Reached skill level 5 in Fighting
  1632 | D:3      | Reached *** piety under Trog
  1926 | D:3      | Gained mutation: A weak demonic guardian rushes to your
                  | aid. [demonic ancestry]
  1926 | D:3      | Reached XP level 5. HP: 46/46 MP: 5/5
  2666 | D:4      | Gained mutation: You regenerate magic rapidly. [demonic
                  | ancestry]
  2666 | D:4      | Reached XP level 6. HP: 55/55 MP: 6/6
  3295 | D:4      | Reached XP level 7. HP: 59/60 MP: 7/7
  3527 | D:5      | Entered Level 5 of the Dungeon
  3562 | D:5      | Reached **** piety under Trog
  3570 | D:5      | Reached skill level 5 in Maces & Flails
  3752 | D:5      | Found a snail-covered altar of Cheibriados.
  3870 | D:5      | Gained mutation: Your touch may inflict irresistible damage
                  | on your foes. [demonic ancestry]
  3870 | D:5      | Reached XP level 8. HP: 52/67 MP: 8/8
  4796 | D:6      | Found a broken altar of Ashenzari.
  5028 | D:6      | Reached XP level 9. HP: 50/72 MP: 9/9
  5141 | D:6      | Found an ornate altar of the Wu Jian Council.
  5665 | D:7      | Noticed Joseph
  5672 | D:8      | Noticed a two-headed ogre
  5673 | D:8      | Noticed Psyche
  5927 | D:7      | Reached skill level 10 in Maces & Flails
  5961 | D:7      | Killed Joseph
  6093 | D:7      | Found a stormy altar of Qazlal.
  6156 | D:7      | Reached ***** piety under Trog
  6238 | D:7      | Found a staircase to the Ecumenical Temple.
  6316 | D:7      | Found a basalt altar of Yredelemnul.
  6483 | D:7      | Killed Psyche
  6679 | D:8      | Noticed a troll
  6686 | D:8      | Killed a troll
  6733 | D:8      | Reached skill level 2 in Dodging
  6733 | D:8      | Gained mutation: You are mostly covered in yellow scales.
                  | (AC +3) [demonic ancestry]
  6733 | D:8      | Reached XP level 10. HP: 79/79 MP: 10/10
  7134 | D:8      | Killed a two-headed ogre
  7135 | D:8      | Reached skill level 3 in Dodging
  7520 | D:9      | Reached skill level 4 in Dodging
  7532 | D:9      | Found Qiemyun's Jewellery Shoppe.
  7533 | D:9      | Identified the +9 trident of Vauh {freeze, rC+ Stlth+}
  7681 | D:9      | Noticed a two-headed ogre
  7697 | D:9      | Killed a two-headed ogre
  7698 | D:9      | Reached skill level 5 in Armour
  7698 | D:9      | Reached skill level 5 in Dodging
  7844 | D:9      | Identified the +0 dagger "Arghotum" {flame, SInv} (Trog
                  | gifted it to you on level 9 of the Dungeon)
  7844 | D:9      | Received a gift from Trog
  7845 | D:9      | Reached skill level 6 in Dodging
  7880 | D:9      | Found the +6 Majin-Bo {spellvamp, MP+6 Int+6}
  8280 | D:10     | Entered Level 10 of the Dungeon
  8280 | D:10     | Noticed Erolcha
  8391 | D:10     | Reached XP level 11. HP: 80/84 MP: 11/11
  8552 | D:10     | Identified the +5 rapier of the Valley {flame, *Slow rF+
                  | Dex+3 Stlth+}
  8739 | D:10     | Found a radiant altar of Vehumet.
  8739 | D:10     | Found a shimmering altar of Xom.
  8759 | D:10     | Found a blossoming altar of Fedhas.
  8761 | D:10     | Found an iron altar of Okawaru.
  8762 | D:10     | Found a shimmering blue altar of Sif Muna.
  8764 | D:10     | Found a bloodstained altar of Trog.
  8769 | D:10     | Found an ancient bone altar of Kikubaaqudgha.
  8918 | D:10     | Found an opulent altar of Gozag.
  9303 | D:10     | Killed Erolcha
  9479 | D:11     | Reached skill level 7 in Dodging
  9934 | D:11     | Found a staircase to the Lair.
 10193 | D:11     | Noticed a brown ugly thing
 10203 | D:11     | Killed a brown ugly thing
 10303 | D:11     | Noticed a boulder beetle
 10326 | D:11     | Killed a boulder beetle
 10333 | D:11     | Reached skill level 8 in Dodging
 10655 | Lair:1   | Entered Level 1 of the Lair of Beasts
 10712 | Lair:1   | Identified the +5 long sword of Skirmishing {venom, rElec
                  | rC- rN+ rCorr}
 10889 | Lair:1   | Found a runed translucent gate.
 11093 | Lair:1   | Found a runed translucent gate.
 11096 | Lair:1   | Found a runed translucent gate.
 11096 | Lair:1   | Noticed a nine-headed hydra
 11096 | Lair:1   | Noticed nitefall's ghost (journeyman MiBe)
 11096 | Lair:1   | Noticed a 12-headed hydra
 11569 | Lair:2   | Noticed Erica
 11590 | Lair:2   | Killed Erica
 11591 | Lair:2   | Reached skill level 9 in Dodging
 11591 | Lair:2   | Reached XP level 12. HP: 79/91 MP: 12/12
 11636 | Lair:2   | Noticed Amaemon
 11636 | Lair:2   | Noticed an eight-headed hydra
 11677 | Lair:2   | Identified a scroll of acquirement
 11677 | Lair:2   | Acquired a manual of Dodging
 11906 | Lair:2   | Found a frozen archway.
 11928 | IceCv    | Entered an ice cave
 12117 | IceCv    | Reached skill level 10 in Dodging
 12308 | IceCv    | Noticed a death yak
 12331 | IceCv    | Noticed a death yak
 12337 | IceCv    | Killed a death yak
 12344 | IceCv    | Killed a death yak
 12352 | IceCv    | Reached skill level 11 in Dodging
 12459 | IceCv    | Noticed a death yak
 12476 | IceCv    | Killed a death yak
 12923 | IceCv    | Noticed a death yak
 12954 | IceCv    | Killed a death yak
 12955 | IceCv    | Reached skill level 12 in Dodging
 12958 | IceCv    | Noticed a death yak
 12971 | IceCv    | Killed a death yak
 13199 | IceCv    | Noticed a death yak
 13199 | IceCv    | Noticed a frost giant
 13224 | IceCv    | Killed a frost giant
 13225 | IceCv    | Reached skill level 13 in Dodging
 13229 | IceCv    | Killed a death yak
 13817 | Lair:2   | Killed Amaemon
 13818 | Lair:2   | Reached skill level 14 in Dodging
 13827 | Lair:2   | Gained mutation: Your touch may irresistibly damage your
                  | foes and sap their willpower. [demonic ancestry]
 13827 | Lair:2   | Reached XP level 13. HP: 79/101 MP: 13/13
 15030 | Lair:2   | Found a staircase to the Shoals.
 15184 | Lair:1   | Reached skill level 15 in Dodging
 15193 | Lair:1   | Reached skill level 10 in Fighting
 15208 | Lair:1   | HP: 5/154 [nitefall's ghost (9)]
 15208 | Lair:1   | Slain by nitefall's ghost

Illustrated notes

Levels and vault maps discovered:
D:1:      co_arrival_hall_of_pillars, layout_rooms
D:2:      layout_loops_corners, nicolae_nh_oracle_at_delphi, uniq_robin
D:3:      layout_basic, minivault_26, kennysheep_generic_room_16
D:4:      layout_loops_ring
D:5:      layout_gridville, mainiacjoe_overflow_alcove_2
D:6:      hellmonk_ruined_rings, layout_gridville, mainiacjoe_overflow_catwalk,
          general_overflow_altar, lexackson_kobold_supper
D:7:      layout_basic, mainiacjoe_overflow_alcove_4, lemuel_crystal_altar,
          minmay_temple_entry_statues, uniq_joseph
D:8:      layout_loops_ring, uniq_psyche
D:9:      layout_cave_pools, serial_shops, shop, kennysheep_decorative_pillar,
          kennysheep_flooded_box, st_stairs_13
D:10:     layout_gridville, grunt_gozag_statues,
          nicolae_overflow_hallway_of_the_gods, uniq_erolcha
D:11:     layout_roguey, david_lair_shrubbed
Lair:1:   layout_loops_ring, gammafunk_ghost_hydra_chop
Lair:2:   layout_chaotic_city, mainiacjoe_shoals_entry_four_pools,
          portal_ice_cave_entry_pillars_1, st_stairs_9, uniq_erica, uniq_amaemon
Lair:3:   layout_loops_ring, guppyfry_snake_entry_island, nzn_ghost_randoct,
          infiniplex_staircase_pool_2, serial_bayou_shore_a

Skill      XL: |  1  2  3  4  5  6  7  8  9 10 11 12 13 |
---------------+----------------------------------------+-----
Fighting       | 4 5 7 9 10 | 10.0
Maces & Flails | 4 6 9 12 | 12.0
Armour         | 2 6 9 |  9.2
Dodging        | 2 6 9 14 15 | 15.1

Action                     |  1- 3 |  4- 6 |  7- 9 | 10-12 | 13-15 || total
---------------------------+-------+-------+-------+-------+-------++-------
  Melee: Mace              |   112 |    76 |       |       |       ||   188
         Punch             |     2 |     1 |     3 |     7 |     3 ||    16
         Touch             |     9 |    29 |    62 |   207 |    35 ||   342
         Flail             |       |    75 |    33 |       |       ||   108
         Whip              |       |       |   263 |   909 |   130 ||  1302
 Invoke: Berserk           |     1 |     2 |     3 |     9 |     3 ||    18
         Trog's Hand       |       |       |     1 |       |       ||     1
         Brothers in Arms  |       |       |       |     4 |     1 ||     5
    Use: Scroll            |       |       |       |    11 |       ||    11
         Potion            |       |       |       |       |     3 ||     3
   Stab: Sleeping          |     1 |       |       |       |       ||     1
         Distracted        |       |       |       |     2 |       ||     2
 Armour: Animal skin       |    69 |    62 |       |       |       ||   131
         Scale mail        |       |    59 |   174 |   248 |       ||   481
         Leather armour    |       |       |       |   103 |   102 ||   205
         Skin              |       |       |       |       |     5 ||     5
  Dodge: Dodged            |    85 |    93 |   143 |   438 |    79 ||   838
  Block: Other             |       |       |       |    43 |    18 ||    61
         Reflection        |       |       |       |     1 |       ||     1
